 Dungeon Crawl Stone Soup version 0.30-a0-141-g30f27751c5 (webtiles) character file.

Game seed: 1813755842092800657

5446 qw the Cleaver (level 10, -16/64 HPs)
             Began as a Gargoyle Fighter on Sept 25, 2022.
             Was a Believer of Okawaru.
             Demolished by Maurice
             ... wielding a +0 morningstar
              (21 damage)
             ... on level 8 of the Dungeon.
             The game lasted 00:04:03 (10803 turns).

qw the Cleaver (Gargoyle Fighter)                  Turns: 10803, Time: 00:04:03

Health: -16/64     AC: 21    Str: 23    XL:     10   Next: 68%
Magic:  13/13      EV: 11    Int: 10    God:    Okawaru [**....]
Gold:   0          SH:  5    Dex: 15    Spells: 9/9 levels left

rFire   . . .      SeeInvis .    r - +0 hand axe (vamp)
rCold   . . .      Faith    .    c - +0 buckler
rNeg    + . .      Spirit   .    a - +0 plate armour
rPois   inf        Reflect  .    (no helmet)
rElec   +          Harm     .    (no cloak)
rCorr   .          Rampage  .    l - +0 pair of gloves
Will    .....                    (no boots)
Stlth   ..........               (no amulet)
HPRegen 0.20/turn                o - +4 ring of evasion
MPRegen 0.13/turn                b - +6 ring of dexterity

@: no status effects
A: sickness immunity, AC +7, negative energy resistance 1, electricity
resistance, torment resistance 1, petrification resistance
a: Renounce Religion, Heroism


You were on level 8 of the Dungeon.
You worshipped Okawaru.
Okawaru was pleased with you.
You visited 2 branches of the dungeon, and saw 9 of its levels.

You collected 106 gold pieces.
You spent 106 gold pieces at shops.


Innate Abilities, Weirdness & Mutations

You are immune to sickness and miasma.
Your stone body is resilient. (AC +7)
You are immune to poison.
You resist negative energy. (rN+)
You are resistant to electric shocks. (rElec)
You are resistant to unholy torment.
You are immune to petrification.


   Skills:
 - Level 8.0 Fighting
 + Level 10.9 Axes
 - Level 6.4 Armour
 - Level 2.1 Dodging
 - Level 5.0 Shields
 - Level 4.2 Invocations


You had 9 spell levels left.
You didn't know any spells.
Your spell library was empty.

Inventory:

Hand Weapons
 e - a +0 flail
 r - a +0 vampiric hand axe (weapon)
 Y - a +0 war axe
Armour
 a - a +0 plate armour (worn)
 c - a +0 buckler (worn)
 l - a +0 pair of gloves (worn)
Jewellery
 b - a +6 ring of dexterity (right hand)
 o - a +4 ring of evasion (left hand)
 s - a ring of willpower
Scrolls
 k - 3 scrolls of teleportation
 q - a scroll of enchant armour {unknown}
Potions
 d - a potion of might
 f - a potion of cancellation
 h - a potion of resistance
 j - 5 potions of lignification
 m - a potion of haste
 n - 2 potions of attraction

Dungeon Overview and Level Annotations

Branches:
Dungeon (8/15)             Temple (1/1) D:7
   Lair: D:8-11

Altars:
Ashenzari
Dithmenos
Elyvilon
Fedhas
Gozag
Hepliaklqana
Kikubaaqudgha
Makhleb
Nemelex Xobeh
Okawaru
Qazlal
Ru
Sif Muna
Trog
Uskayaw
Wu Jian
Xom
Zin
The Shining One

Shops:
D:6 (((   D:7 *

Annotations:
D:6 1 runed translucent door, Crazy Yiuf
D:8 Maurice


Message History

Something picks up a +0 shortbow.
You swing at nothing.
You swing at nothing.
You hear a twanging sound.
An arrow appears from out of thin air!
You block the arrow.
You swing at nothing.
You closely miss something. Something hits you!
Something grunts, "Curses!"
You hit something.
You feel better. Something hits you but does no damage.
Something blocks your attack.
You hit something. Something blocks your attack.
Something hits you but does no damage. Something blocks your attack.
Something hits you.
Something groans, "What are you, a monk?"
Something blocks your attack.
Maurice appears from thin air!
Reactivating autopickup.
Maurice mumbles some strange words.
Maurice flickers and vanishes!
Deactivating autopickup; reactivate with Ctrl-A.
Something blocks your attack.
You miss something. Something hits you!
Something groans, "What are you, a monk?"
Something blocks your attack. Something hits you but does no damage.
Something blocks your attack. Something hits you.
Something groans, "What are you, a monk?"
Something blocks your attack. Something blocks your attack. Something hits you!
Something grunts, "Curses!"
Something blocks your attack. Something hits you!!
You die...

#.# .# #...#.:..#..#........
#.# # ... ......}......#......
#.o ... #..#....#...#.....<
#.. .... #..##...#...#...##.
.....#.....###...#...##.
.....##.........##......
......####......#....... #
..............###...###. ###
.......@.[#####... #. ...
.........%........ . ...
.........#.....##.# ###
..........#.##.##.#.# ...
.....................
....###......>................
##........#.###...##..........
#.......... .......#.###.#.#
##........ ##..............#


There were no monsters in sight!

Vanquished Creatures
  Pikel (D:6)
  An ugly thing (D:8)
  A komodo dragon (D:6)
  A troll (D:8)
  A hornet (D:7)
  Prince Ribbit (D:8)
  Sigmund (D:6)
  Grum (D:8)
  A steam dragon (D:8)
  Menkaure (D:6)
  2 black bears (D:5)
  3 sky beasts
  An ice beast (D:5)
  2 centaurs
  3 wolves (D:8)
  An ogre (D:7)
  A phantom (D:7)
  Blork the orc (D:6)
  3 necrophages
  4 scorpions
  3 bullfrogs
  A gnoll sergeant (D:8)
  3 wights (D:7)
  4 killer bees (D:8)
  6 howler monkeys
  A gnoll bouda (D:7)
  8 hounds
  An orc priest (D:8)
  Jessica (D:2)
  3 iguanas
  5 orc wizards
  13 gnolls
  8 adders
  3 white imps
  2 worms
  6 dart slugs
  25 orcs
  7 bats
  8 endoplasms
  5 giant cockroaches (D:1)
  7 hobgoblins
  9 jackals
  5 kobolds
  2 quokkas
  7 ball pythons
  A frilled lizard (D:1)
  13 goblins
  5 rats
193 creatures vanquished.

Notes
Turn   | Place    | Note
-------+----------+-------------------------------------------
     0 | D:1      | qw the Gargoyle Fighter began the quest for the Orb.
     0 | D:1      | Reached XP level 1. HP: 14/14 MP: 1/1
     0 | D:1      | 0 ||| qw: Version: 0.2-a-10-g399e6c4
     0 | D:1      | 0 ||| qw: Game counter: 203
     0 | D:1      | 0 ||| qw: Always use a shield: true
     0 | D:1      | 0 ||| qw: God list: Okawaru
     0 | D:1      | 0 ||| qw: Allow faded altars: false
     0 | D:1      | 0 ||| qw: Do Orc after D:15 true
     0 | D:1      | 0 ||| qw: Do second Lair branch before Depths: true
     0 | D:1      | 0 ||| qw: Lair rune preference: random
     0 | D:1      | 0 ||| qw: Plans: Normal, Zot:1-4, God:TSO, Crypt, Tomb,
                  | Pan, Slime:5, Hells, Abyss, Orb
     0 | D:1      | 0 ||| PLANNING D:1-11
    89 | D:1      | Reached skill level 2 in Axes
    96 | D:1      | 96 ||| Stepping ~*~*~tactically~*~*~ (stealth).
    97 | D:1      | 97 ||| Stepping ~*~*~tactically~*~*~ (stealth).
    99 | D:1      | 99 ||| Stepping ~*~*~tactically~*~*~ (stealth).
   103 | D:1      | 103 ||| Stepping ~*~*~tactically~*~*~ (stealth).
   106 | D:1      | 106 ||| Stepping ~*~*~tactically~*~*~ (stealth).
   109 | D:1      | 109 ||| Stepping ~*~*~tactically~*~*~ (stealth).
   125 | D:1      | Reached XP level 2. HP: 11/19 MP: 2/2
   258 | D:1      | Found a faded altar of an unknown god.
   900 | D:1      | Reached skill level 3 in Axes
   919 | D:1      | Reached XP level 3. HP: 23/23 MP: 3/3
  1209 | D:1      | 1209 ||| READING scroll labelled EQUCEOQ NACAAPRUTT.
  1214 | D:1      | 1214 ||| READING scroll labelled BAOBUKHLOSU.
  1215 | D:1      | 1215 ||| READING scroll labelled XANTINW SALLO.
  1216 | D:1      | 1216 ||| READING scroll labelled NUYGHU XUKOPP.
  1217 | D:1      | 1217 ||| DRINKING 3 fizzy emerald potions.
  1218 | D:1      | 1218 ||| DRINKING 4 bubbling emerald potions.
  1301 | D:2      | 1301 ||| STAIRDANCE
  1328 | D:2      | 1328 ||| STAIRDANCE
  1415 | D:2      | 1415 ||| STAIRDANCE
  1511 | D:2      | 1511 ||| Stepping ~*~*~tactically~*~*~ (hiding).
  1515 | D:2      | 1515 ||| Stepping ~*~*~tactically~*~*~ (stealth).
  1516 | D:2      | 1516 ||| Stepping ~*~*~tactically~*~*~ (stealth).
  1522 | D:2      | 1522 ||| Stepping ~*~*~tactically~*~*~ (stealth).
  1523 | D:2      | 1523 ||| Stepping ~*~*~tactically~*~*~ (stealth).
  1533 | D:2      | 1533 ||| Stepping ~*~*~tactically~*~*~ (stealth).
  1578 | D:2      | Reached XP level 4. HP: 24/28 MP: 4/4
  1683 | D:2      | Identified the +1 barding of the Barnacled God {+Inv rElec
                  | Int+3 Slay+3}
  1770 | D:2      | Noticed Jessica
  1776 | D:2      | Reached skill level 4 in Axes
  1782 | D:2      | Killed Jessica
  1957 | D:2      | 1957 ||| Stepping ~*~*~tactically~*~*~ (hiding).
  1967 | D:2      | Reached XP level 5. HP: 22/32 MP: 5/5
  1977 | D:2      | 1977 ||| FLEEEEING.
  1981 | D:2      | 1981 ||| FLEEEEING.
  1982 | D:2      | 1982 ||| FLEEEEING.
  1984 | D:2      | 1984 ||| FLEEEEING.
  1985 | D:2      | 1985 ||| FLEEEEING.
  1986 | D:2      | 1986 ||| FLEEEEING.
  1987 | D:2      | 1987 ||| FLEEEEING.
  1988 | D:2      | 1988 ||| FLEEEEING.
  1989 | D:2      | 1989 ||| FLEEEEING.
  1990 | D:2      | 1990 ||| FLEEEEING.
  1992 | D:2      | 1992 ||| FLEEEEING.
  1993 | D:2      | 1993 ||| FLEEEEING.
  1994 | D:2      | 1994 ||| FLEEEEING.
  1995 | D:2      | 1995 ||| FLEEEEING.
  1996 | D:2      | 1996 ||| FLEEEEING.
  1997 | D:2      | 1997 ||| FLEEEEING.
  1998 | D:2      | 1998 ||| FLEEEEING.
  1999 | D:2      | 1999 ||| FLEEEEING.
  2000 | D:2      | 2000 ||| FLEEEEING.
  2001 | D:2      | 2001 ||| FLEEEEING.
  2002 | D:2      | 2002 ||| FLEEEEING.
  2004 | D:2      | 2004 ||| FLEEEEING.
  2005 | D:2      | 2005 ||| STAIRDANCE
  2108 | D:2      | 2108 ||| DROPPING +0 club.
  2240 | D:2      | 2240 ||| READING scroll labelled GIYFIM ORON.
  2835 | D:3      | Reached skill level 5 in Axes
  2887 | D:3      | Reached XP level 6. HP: 29/38 MP: 6/6
  2986 | D:3      | 2986 ||| FLEEEEING.
  2987 | D:3      | 2987 ||| FLEEEEING.
  2989 | D:3      | 2989 ||| FLEEEEING.
  2990 | D:3      | 2990 ||| FLEEEEING.
  2991 | D:3      | 2991 ||| FLEEEEING.
  2992 | D:3      | 2992 ||| FLEEEEING.
  2993 | D:3      | 2993 ||| FLEEEEING.
  2996 | D:3      | 2996 ||| FLEEEEING.
  3349 | D:3      | 3349 ||| READING scroll labelled LEN KOPOAXUU.
  3350 | D:3      | 3350 ||| READING scroll labelled ROUPNIZOLOO.
  3351 | D:3      | 3351 ||| READING scroll labelled WOMAUSA AREELL.
  3352 | D:3      | 3352 ||| READING scroll labelled GAOXUT HINOMA.
  3378 | D:4      | Reached skill level 1 in Dodging
  3378 | D:4      | 3378 ||| STAIRDANCE
  3545 | D:4      | 3545 ||| Stepping ~*~*~tactically~*~*~ (stealth).
  3619 | D:4      | 3619 ||| Stepping ~*~*~tactically~*~*~ (stealth).
  4008 | D:4      | Noticed a sky beast
  4033 | D:4      | Killed a sky beast
  4034 | D:4      | Reached skill level 6 in Axes
  4034 | D:4      | Reached XP level 7. HP: 23/43 MP: 7/7
  4704 | D:4      | 4704 ||| UPGRADING to +4 ring of evasion.
  4705 | D:4      | 4705 ||| READING scroll labelled FYERCH US PAB.
  4806 | D:4      | 4806 ||| READING scroll labelled QAIWEOSTRAK.
  4807 | D:4      | 4807 ||| DRINKING 2 emerald potions.
  4808 | D:4      | 4808 ||| READING 2 scrolls of identify.
  4808 | D:4      | 4808 ||| IDENTIFYING bubbling purple potion
  4809 | D:4      | 4809 ||| DROPPING potion of degeneration.
  4840 | D:5      | Entered Level 5 of the Dungeon
  4845 | D:5      | 4845 ||| Stepping ~*~*~tactically~*~*~ (stealth).
  4859 | D:5      | Reached skill level 7 in Axes
  5214 | D:5      | 5214 ||| Stepping ~*~*~tactically~*~*~ (hiding).
  5216 | D:5      | 5216 ||| Stepping ~*~*~tactically~*~*~ (hiding).
  5285 | D:5      | Reached XP level 8. HP: 51/51 MP: 8/8
  5428 | D:5      | 5428 ||| Stepping ~*~*~tactically~*~*~ (stealth).
  5453 | D:5      | 5453 ||| DROPPING +0 whip.
  5720 | D:5      | Reached skill level 8 in Axes
  5896 | D:5      | 5896 ||| UPGRADING to +0 plate armour.
  5906 | D:5      | 5906 ||| DROPPING +0 scale mail.
  5907 | D:5      | 5907 ||| UPGRADING to +0 pair of gloves.
  5912 | D:5      | 5912 ||| DRINKING 2 ruby potions.
  5913 | D:5      | 5913 ||| READING 2 scrolls of identify.
  5913 | D:5      | 5913 ||| IDENTIFYING fuming dark potion
  5914 | D:5      | 5914 ||| DROPPING potion of magic.
  5915 | D:5      | 5915 ||| DROPPING potion of brilliance.
  5977 | D:6      | Noticed Pikel
  5984 | D:6      | 5984 ||| Stepping ~*~*~tactically~*~*~ (stealth).
  5990 | D:6      | Killed Pikel
  5991 | D:6      | Reached skill level 6 in Armour
  6115 | D:6      | Found Biuqobrura's Weapon Shoppe.
  6169 | D:6      | Found a stormy altar of Qazlal.
  6170 | D:6      | Noticed Menkaure
  6171 | D:6      | 6171 ||| Stepping ~*~*~tactically~*~*~ (hiding).
  6178 | D:6      | Noticed Sigmund
  6183 | D:6      | Killed Menkaure
  6184 | D:6      | Reached skill level 6 in Fighting
  6184 | D:6      | Reached XP level 9. HP: 40/56 MP: 9/9
  6187 | D:6      | Killed Sigmund
  6202 | D:6      | 6202 ||| FLEEEEING.
  6203 | D:6      | 6203 ||| FLEEEEING.
  6204 | D:6      | 6204 ||| FLEEEEING.
  6205 | D:6      | 6205 ||| FLEEEEING.
  6385 | D:6      | Noticed a komodo dragon
  6399 | D:6      | Killed a komodo dragon
  6488 | D:6      | 6488 ||| FLEEEEING.
  6639 | D:6      | Found Qeceng's Antique Weapon Emporium.
  6662 | D:6      | 6662 ||| DROPPING +0 flail.
  6691 | D:6      | Noticed Blork the orc
  6697 | D:6      | Reached skill level 9 in Axes
  6701 | D:6      | Killed Blork the orc
  6716 | D:6      | 6716 ||| Stepping ~*~*~tactically~*~*~ (stealth).
  6718 | D:6      | 6718 ||| Stepping ~*~*~tactically~*~*~ (stealth).
  6785 | D:6      | Found Levoril's Weapon Boutique.
  6819 | D:6      | 6819 ||| SHOPLISTING +5 flail of Ynarchag {vorpal, rCorr
                  | Str+3 Stlth+} (674 gold, have 327).
  7074 | D:6      | 7074 ||| Stepping ~*~*~tactically~*~*~ (hiding).
  7226 | D:6      | Found a runed translucent door.
  7227 | D:6      | Noticed Crazy Yiuf
  7374 | D:6      | 7374 ||| UPGRADING to +6 ring of dexterity.
  7375 | D:6      | 7375 ||| DRINKING 2 golden potions.
  7376 | D:6      | 7376 ||| READING 4 scrolls of identify.
  7376 | D:6      | 7376 ||| IDENTIFYING puce potion
  7377 | D:6      | 7377 ||| READING 3 scrolls of identify.
  7377 | D:6      | 7377 ||| IDENTIFYING viscous sapphire potion
  7891 | D:7      | 7891 ||| Stepping ~*~*~tactically~*~*~ (stealth).
  7926 | D:7      | Found a staircase to the Ecumenical Temple.
  7927 | D:7      | 7927 ||| PLANNING TEMPLE
  7933 | D:7      | 7933 ||| Stepping ~*~*~tactically~*~*~ (stealth).
  7938 | D:7      | 7938 ||| Stepping ~*~*~tactically~*~*~ (hiding).
  7939 | D:7      | 7939 ||| Stepping ~*~*~tactically~*~*~ (hiding).
  7940 | D:7      | 7940 ||| Stepping ~*~*~tactically~*~*~ (hiding).
  7941 | D:7      | 7941 ||| Stepping ~*~*~tactically~*~*~ (hiding).
  7972 | Temple   | Entered the Ecumenical Temple
  7972 | Temple   | Found a transporter.
  7972 | Temple   | Found a transporter.
  7974 | Temple   | Found a transporter.
  7974 | Temple   | Found a transporter.
  7984 | Temple   | 7984 ||| PLANNING D:1-11
  8045 | Temple   | 8045 ||| PLANNING OKAWARU WORSHIP
  8051 | Temple   | Became a worshipper of Warmaster Okawaru
  8052 | Temple   | 8052 ||| PLANNING D:1-11
  8074 | D:7      | Noticed a hornet
  8085 | D:7      | HP: 14/57 [hornet (2)]
  8086 | D:7      | 8086 ||| READING 3 scrolls of teleportation.
  8087 | D:7      | 8087 ||| DRINKING 2 potions of heal wounds.
  8197 | D:7      | Found Gecyamp Wops's Assorted Antiques.
  8208 | D:7      | 8208 ||| BUYING murky blue potion (16 gold).
  8208 | D:7      | Bought a murky blue potion for 16 gold pieces
  8208 | D:7      | 8208 ||| BUYING potion of attraction (54 gold).
  8208 | D:7      | Bought a potion of attraction for 54 gold pieces
  8208 | D:7      | 8208 ||| BUYING scroll of identify (36 gold).
  8208 | D:7      | Bought a scroll of identify for 36 gold pieces
  8223 | D:7      | Found a shadowy altar of Dithmenos.
  8475 | D:7      | 8475 ||| Stepping ~*~*~tactically~*~*~ (water).
  8491 | D:7      | Killed a hornet
  8735 | D:7      | 8735 ||| Stepping ~*~*~tactically~*~*~ (stealth).
  8864 | D:7      | Reached skill level 10 in Axes
  8969 | D:7      | Reached XP level 10. HP: 63/63 MP: 10/10
  9104 | D:7      | 9104 ||| DROPPING ring of flight.
  9105 | D:7      | 9105 ||| READING 5 scrolls of identify.
  9105 | D:7      | 9105 ||| IDENTIFYING murky blue potion
  9106 | D:7      | 9106 ||| READING 4 scrolls of identify.
  9106 | D:7      | 9106 ||| IDENTIFYING bubbling yellow potion
  9107 | D:7      | 9107 ||| DROPPING potion of ambrosia.
  9156 | D:7      | 9156 ||| Stepping ~*~*~tactically~*~*~ (stealth).
  9157 | D:7      | 9157 ||| Stepping ~*~*~tactically~*~*~ (stealth).
  9169 | D:7      | Reached * piety under Okawaru
  9610 | D:8      | 9610 ||| STAIRDANCE
  9639 | D:8      | Reached skill level 1 in Invocations
  9653 | D:8      | 9653 ||| Stepping ~*~*~tactically~*~*~ (stealth).
  9713 | D:8      | 9713 ||| FLEEEEING.
  9794 | D:8      | Noticed Maurice
  9797 | D:8      | Noticed Grum
  9798 | D:8      | 9798 ||| INVOKING Heroism.
  9816 | D:8      | HP: 13/64 [Grum/-2 glaive (6)]
  9817 | D:8      | 9817 ||| READING 2 scrolls of teleportation.
  9818 | D:8      | Killed Grum
  9819 | D:8      | Reached skill level 3 in Invocations
  9822 | D:8      | 9822 ||| Stepping ~*~*~tactically~*~*~ (stealth).
  9823 | D:8      | 9823 ||| READING scroll of teleportation.
  9824 | D:8      | 9824 ||| INVOKING Heroism.
  9824 | D:8      | HP: 11/64 [steam dragon (3)]
  9826 | D:8      | HP: 3/64 [steam dragon] (4)]
  9924 | D:8      | 9924 ||| Invisible monster not found???
 10024 | D:8      | 10024 ||| FLEEEEING.
 10025 | D:8      | 10025 ||| INVOKING Heroism.
 10038 | D:8      | 10038 ||| INVOKING Heroism.
 10179 | D:8      | 10179 ||| DROPPING +0 club.
 10219 | D:8      | Noticed a green ugly thing
 10220 | D:8      | 10220 ||| Stepping ~*~*~tactically~*~*~ (stealth).
 10241 | D:8      | 10241 ||| Stepping ~*~*~tactically~*~*~ (stealth).
 10242 | D:8      | Killed a green ugly thing
 10346 | D:8      | 10346 ||| INVOKING Heroism.
 10365 | D:8      | 10365 ||| DROPPING +0 whip.
 10439 | D:8      | 10439 ||| DRINKING 4 potions of curing.
 10439 | D:8      | 10439 ||| (to cure confusion)
 10440 | D:8      | 10440 ||| INVOKING Heroism.
 10523 | D:8      | Noticed Prince Ribbit
 10529 | D:8      | 10529 ||| INVOKING Heroism.
 10532 | D:8      | Killed Prince Ribbit
 10623 | D:8      | 10623 ||| SWAPPING to +0 vampiric hand axe.
 10685 | D:8      | 10685 ||| Stepping ~*~*~tactically~*~*~ (stealth).
 10728 | D:8      | 10728 ||| Stepping ~*~*~tactically~*~*~ (stealth).
 10748 | D:8      | Reached ** piety under Okawaru
 10802 | D:8      | HP: 5/64 [something (17)]
 10803 | D:8      | Demolished by Maurice

Levels and vault maps discovered:
D:1:      dpeg_arrival_pits, layout_basic,
          hellmonk_ecumenical_altar_heavens_door, minmay_worlds_worst_comb
D:2:      layout_rooms, uniq_jessica
D:3:      layout_loops_corners
D:4:      layout_loops_ring, dreamdust_princess_bridge, cheibrodos_gnoll_hut
D:5:      layout_loops_ring, serial_glass, glass_columns_a, glass_columns_a
D:6:      layout_basic, grunt_qazlal_sundering, serial_shops, shop,
          nicolae_shop_waterfront, nicolae_take_the_stairs, uniq_pikel,
          uniq_blork_the_orc, uniq_sigmund, uniq_crazy_yiuf_cottage,
          uniq_menkaure
D:7:      layout_basic, nicolae_dithmenos_the_darkroom,
          minmay_temple_entry_junction_2, serial_shops, shop_coins,
          enter_bailey_3, minmay_crossroads
D:8:      layout_basic, minmay_radiant, uniq_grum, uniq_prince_ribbit1,
          uniq_maurice
Temple:   hellmonk_temple_divided_pantheon

Skill      XL: |  1  2  3  4  5  6  7  8  9 10 |
---------------+-------------------------------+-----
Axes           | 2 3 4 5 6 7 8 10 | 10.9
Fighting       | 4 5 6 7 8 |  8.0
Dodging        | 1 2 |  2.1
Armour         | 6 |  6.4
Shields        | 4 5 |  5.0
Invocations    | 4 |  4.2

Action                   |  1- 3 |  4- 6 |  7- 9 | 10-12 || total
-------------------------+-------+-------+-------+-------++-------
Melee: War axe           |   108 |   228 |   327 |   139 ||   802
       Hand axe          |       |       |       |    48 ||    48
Invok: Heroism           |       |       |       |     7 ||     7
  Use: Scroll            |     4 |     5 |     7 |     4 ||    20
       Potion            |     2 |       |     4 |     1 ||     7
Armor: Scale mail        |    49 |   121 |    63 |       ||   233
       Plate armour      |       |       |    95 |   109 ||   204
Dodge: Dodged            |    39 |    99 |   179 |    89 ||   406
Block: Buckler           |    23 |    46 |    60 |    48 ||   177

Table legend:
 A = Non-vault XP
 B = Vault XP
 C = Vault XP percentage of total XP
 D = Non-vault monster count
 E = Vault monster count
 F = Vault count percentage of total count
                 A         B        C        D         E       F
            +---------+---------+-------+---------+---------+-------
      Total |    4847 |    2934 |  37.7 |     168 |      25 |  13.0
            +---------+---------+-------+---------+---------+-------
        D:1 |      43 |      10 |  18.9 |      25 |       5 |  16.7
        D:2 |      99 |      37 |  27.2 |      20 |       1 |   4.8
        D:3 |     171 |       0 |   0.0 |      17 |       0 |   0.0
        D:4 |     317 |     100 |  24.0 |      23 |       3 |  11.5
        D:5 |     871 |       0 |   0.0 |      20 |       0 |   0.0
        D:6 |     596 |    1024 |  63.2 |       9 |       4 |  30.8
        D:7 |    1624 |      87 |   5.1 |      28 |       5 |  15.2
        D:8 |    1126 |    1676 |  59.8 |      26 |       7 |  21.2
            +---------+---------+-------+---------+---------+-------
